 Dungeon Crawl Stone Soup version 0.23.0 (webtiles) character file.

Game seed: 3466163283547448192

274 vishdafish the Shield-Bearer (level 6, 0/49 HPs)
             Began as a Formicid Fighter on Feb 15, 2019.
             Slain by a gnoll
             ... wielding a +0 flail
              (2 damage)
             ... on level 3 of the Dungeon.
             The game lasted 00:04:09 (2586 turns).

vishdafish the Shield-Bearer (Formicid Fighter)     Turns: 2586, Time: 00:04:10

Health: 0/49       AC:  8    Str: 26    XL:     6   Next: 49%
Magic:  6/6        EV:  8    Int:  9    God:
Gold:   143        SH: 10    Dex: 10    Spells: 5/5 levels left

rFire    . . .     SeeInvis +   a - +0 war axe
rCold    . . .     Gourm    .   c - +0 shield
rNeg     . . .     Faith    .   b - +0 scale mail
rPois    .         Spirit   .   (helmet unavailable)
rElec    .         Reflect  .   (no cloak)
rCorr    +         Harm     .   k - +0 pair of gloves
MR       .....                  (no boots)
Stlth    ..........             (no amulet)
HPRegen  0.16/turn              m - ring of resist corrosion
MPRegen  0.10/turn              (no ring)

@: mighty
A: permanent stasis, dig shafts and tunnels, four strong arms, antennae 3
a: Dig, Shaft Self


You were on level 3 of the Dungeon.
You were hungry.

You visited 1 branch of the dungeon, and saw 3 of its levels.

You collected 143 gold pieces.

Inventory:

Hand Weapons
 a - a +0 war axe (weapon)
Armour
 b - a +0 scale mail (worn)
 c - a +0 shield (worn)
 k - a +0 pair of gloves (worn)
Jewellery
 m - a ring of resist corrosion (left hand)
Scrolls
 h - 2 scrolls of immolation
 l - a scroll of remove curse
 o - a scroll of random uselessness {unknown}
 r - a scroll of enchant armour {unknown}
 s - a scroll of noise {unknown}
 u - 2 scrolls of identify
Potions
 e - a potion of brilliance
 g - a potion of magic {unknown}
 i - a potion of haste {unknown}
 j - a potion of curing {unknown}
 n - a potion of heal wounds {unknown}
 p - a potion of degeneration
 q - a potion of lignification {unknown}
 t - a potion of mutation {unknown}
Comestibles
 f - 3 rations


   Skills:
 + Level 4.5 Fighting
 * Level 4.1 Axes
 + Level 4.2 Armour
 + Level 5.0 Shields


You had 5 spell levels left.
You didn't know any spells.
Your spell library was empty.

Dungeon Overview and Level Annotations

Branches:
Dungeon (3/15)

Altars:
Vehumet


Innate Abilities, Weirdness & Mutations

You cannot be hasted, slowed, berserked, paralysed or teleported.
You can dig through walls and to a lower floor.
Your four strong arms can wield two-handed weapons with a shield.
You have a pair of large antennae on your head. (SInv)


Message History

You are too injured to fight recklessly!
Unknown command.
You slice the gnoll!!
You kill the gnoll!
You block the gnoll's attack.
The gnoll hits you from afar with a +0 spear!
* * * LOW HITPOINT WARNING * * *
You block the gnoll's attack.
The gnoll hits you from afar with a +0 spear.
* * * LOW HITPOINT WARNING * * *
Are you sure you want to shaft yourself?
You are feeling hungry.
The gnoll hits you from afar with a +0 halberd.
* * * LOW HITPOINT WARNING * * *
The gnoll hits you but does no damage.
The gnoll hits you from afar with a +0 spear.
* * * LOW HITPOINT WARNING * * *
You begin to dig a shaft.
You continue digging a shaft.
You block the gnoll's attack. The gnoll hits you with a +0 flail.
You die...

#+###≈ ######++##### #.≈≈
............{ #.≈≈ ......g.... {
#.≈≈ {.....%{{ { #.≈≈ {{ ...{{{ {
#.≈≈ ##'g## {#.≈≈ #.ggg#######
#.≈≈ +.gggg@....+ #.≈≈
#..gg####### #g###≈
###########'''{#############.g.#≈
...........................#{gg#≈
≈≈≈≈≈≈≈≈≈≈≈....≈≈≈≈≈≈≈≈≈≈≈≈#####≈
≈≈≈≈≈≈≈≈≈≈≈....≈≈≈≈≈≈≈≈≈≈≈≈≈≈≈≈≈≈
≈≈≈≈≈≈≈≈≈≈≈....≈≈≈≈≈≈≈≈≈≈≈≈≈≈≈≈≈≈
................................P
...>.............................


You could see 10 gnolls.

Vanquished Creatures
  A gnoll shaman (D:3)
  An orc wizard (D:3)
  6 adders
  5 gnolls (D:3)
  2 oozes (D:1)
  A worm (D:3)
  3 dart slugs
  5 leopard geckos
  5 orcs (D:3)
  5 giant cockroaches
  5 goblins
  8 hobgoblins
  20 jackals (D:3)
  A ball python (D:1)
  11 bats
  4 frilled lizards
  8 kobolds
  8 rats
99 creatures vanquished.

Notes
Turn   | Place    | Note
-------+----------+-------------------------------------------
     0 | D:1      | vishdafish the Formicid Fighter began the quest for the
                  | Orb.
     0 | D:1      | Reached XP level 1. HP: 18/18 MP: 1/1
   131 | D:1      | Reached skill level 4 in Shields
   131 | D:1      | Reached XP level 2. HP: 24/24 MP: 2/2
   275 | D:1      | Reached XP level 3. HP: 24/30 MP: 3/3
   833 | D:1      | Reached XP level 4. HP: 34/37 MP: 4/4
   875 | D:2      | Found a radiant altar of Vehumet.
  1682 | D:3      | Reached XP level 5. HP: 31/42 MP: 5/5
  2184 | D:3      | Reached XP level 6. HP: 36/48 MP: 6/6
  2571 | D:3      | Noticed an ogre
  2579 | D:3      | Reached skill level 5 in Shields
  2585 | D:3      | HP: 2/49 [gnoll/+0 spear (2)]
  2586 | D:3      | Slain by a gnoll

Skill      XL: |  1  2  3  4  5  6 |
---------------+-------------------+-----
Shields        | 4 5 |  5.0
Axes           | 3 4 |  4.1
Fighting       | 4 |  4.5
Armour         | 4 |  4.2

Action                   |  1- 3 |  4- 6 || total
-------------------------+-------+-------++-------
Melee: War axe           |   122 |   249 ||   371
 Abil: Shaft Self        |       |     1 ||     1
  Use: Scroll            |       |     6 ||     6
       Potion            |       |     1 ||     1
  Eat: Chunk             |       |     6 ||     6
Armor: Scale mail        |    68 |   136 ||   204
Dodge: Dodged            |    57 |    96 ||   153
Block: Shield            |   100 |   181 ||   281
